 Dungeon Crawl Stone Soup version 0.24.0-2-g5b39cebb1c (console) character file.

Game seed: 15829047938924877309, levelgen mode: deterministic

113 AlterAsc the Gusty (level 4, -1/24 HPs)
             Began as a Tengu Air Elementalist on Oct 31, 2019.
             Slain by an orc wizard
             ... wielding a +0 dagger
              (3 damage)
             ... on level 4 of the Dungeon.
             The game lasted 00:08:21 (2465 turns).

AlterAsc the Gusty (Tengu Air Elementalist)         Turns: 2465, Time: 00:08:21

Health: -1/24      AC:  3    Str:  9    XL:     4   Next: 96%
Magic:  0/9        EV: 13    Int: 16    God:
Gold:   86         SH:  0    Dex: 14    Spells: 2/8 levels left

rFire    . . .     SeeInvis .   d - +2 hand axe (freeze)
rCold    . . .     Gourm    .   (no shield)
rNeg     . . .     Faith    .   a - +0 robe
rPois    .         Spirit   .   (helmet restricted)
rElec    .         Reflect  .   r - +0 cloak
rCorr    .         Harm     .   (no gloves)
MR       .....                  (boots unavailable)
Stlth    ++........             (no amulet)
HPRegen  0.08/turn              (no ring)
MPRegen  0.11/turn              (no ring)

@: no status effects
A: beak, talons 3
a: no special abilities


You were on level 4 of the Dungeon.
You were not hungry.

You visited 1 branch of the dungeon, and saw 4 of its levels.

You collected 86 gold pieces.

Inventory:

Hand Weapons
 d - a +2 hand axe of freezing (weapon)
Armour
 a - a +0 robe (worn)
 r - a +0 cloak (worn)
Scrolls
 b - 7 scrolls of teleportation {unknown}
 f - a scroll of noise {unknown}
 g - a scroll of enchant armour {unknown}
 h - 2 scrolls of fog {unknown}
 j - 3 scrolls of remove curse {unknown}
 k - a scroll of identify {unknown}
 p - a scroll of magic mapping {unknown}
 q - a scroll of immolation {unknown}
Potions
 e - a potion of flight {unknown}
 i - 2 potions of curing {unknown}
 l - a potion of resistance {unknown}
 m - 2 potions of brilliance {unknown}
 o - a potion of heal wounds {unknown}
Comestibles
 c - 7 rations


   Skills:
 + Level 3.1 Dodging
 + Level 2.9 Stealth
 + Level 2.6 Spellcasting
 + Level 2.8 Conjurations
 + Level 4.8 Air Magic


You had 2 spell levels left.
You knew the following spells:

 Your Spells              Type           Power        Failure   Level  Hunger
a - Shock                 Conj/Air       ##..         4%          1    #......
b - Swiftness             Chrm/Air       #.......     11%         2    ##.....
c - Static Discharge      Conj/Air       ##......     12%         3    ###....

Your spell library contained the following spells:

 Spells                   Type           Power        Failure   Level  Hunger
 Airstrike                Air            ###.......   26%         4    #####..
 Lightning Bolt           Conj/Air       ##........   73%         5    ######.


Dungeon Overview and Level Annotations

Branches:
Dungeon (4/15)
 Temple: D:4-7

Altars:
Sif Muna

Annotations:
D:3 Grinder


Innate Abilities, Weirdness & Mutations

You have a beak for a mouth.
You have claws for feet.


Message History

You hear some strange, mumbled words.
A puff of flame appears from out of thin air!
The puff of flame hits you!
You hear some strange, mumbled words.
A puff of frost appears from out of thin air!
The puff of frost hits you!
* * * LOW HITPOINT WARNING * * *
Something hits you but does no damage.
You closely miss something. Something hits you.
* * * LOW HITPOINT WARNING * * *
Something hits you.
You die...

)8..# )...# #...##
# #.... ...###...##
#.....[..#
#...######
##........
#@####### #.# ##'##
### ##...## #..
##.....## #.#
#.......######.##
#.........##.....##
+.........'..#....#
#.........##.#...##


There were no monsters in sight!

Vanquished Creatures
  A centaur skeleton (D:4)
  2 adders
  An ooze (D:1)
  2 worms (D:3)
  A leopard gecko (D:1)
  3 orcs (D:4)
  A ball python (D:1)
  10 bats
  3 giant cockroaches
  4 hobgoblins
  4 jackals
  5 kobolds
  A quokka (D:2)
  5 frilled lizards
  4 goblins
  A quokka skeleton (D:4)
  2 rats (D:1)
50 creatures vanquished.

Notes
Turn   | Place    | Note
-------+----------+-------------------------------------------
     0 | D:1      | AlterAsc the Tengu Air Elementalist began the quest for the
                  | Orb.
     0 | D:1      | Reached XP level 1. HP: 10/10 MP: 4/4
   200 | D:1      | Reached XP level 2. HP: 12/15 MP: 0/6
   605 | D:1      | Reached XP level 3. HP: 19/19 MP: 5/7
  1236 | D:2      | You fall into a shaft and drop 1 floor!
  1796 | D:3      | Reached XP level 4. HP: 24/24 MP: 0/8
  1871 | D:3      | Found a shimmering blue altar of Sif Muna.
  1891 | D:3      | Learned a level 2 spell: Swiftness
  1895 | D:3      | Learned a level 3 spell: Static Discharge
  2240 | D:3      | Noticed Grinder
  2465 | D:4      | Slain by an orc wizard

Levels and vault maps discovered:
D:1:      dpeg_arrival_tiny_g, layout_loops_cross, serial_forest,
          infiniplex_forest_lined_3, infiniplex_forest_lined_3,
          infiniplex_forest_lined_room_3, infiniplex_forest_clump_small,
          kennysheep_nondescript
D:2:      layout_rooms, first_ration
D:3:      layout_loops_ring, lemuel_zombie_altar_kikubaaqudgha,
          marbit_many_paths, led_sif_pool, uniq_grinder
D:4:      layout_loops_corners, nicolae_overflow_crystal_walls,
          eat_drink_and_be_merry_uskayaw, uniq_eustachio

Skill      XL: |  1  2  3  4 |
---------------+-------------+-----
Conjurations   | 2 |  2.8
Dodging        | 3 |  3.1
Stealth        | |  2.9
Spellcasting   | |  2.6
Air Magic      | |  4.8

Action                   |  1- 3 |  4- 6 || total
-------------------------+-------+-------++-------
Melee: Unarmed           |     4 |       ||     4
       Kick              |     2 |     1 ||     3
       Peck              |     2 |       ||     2
       Hand axe          |     5 |     3 ||     8
 Cast: Shock             |    81 |    40 ||   121
  Eat: Chunk             |     4 |     2 ||     6
Armor: Robe              |     2 |     3 ||     5
Dodge: Dodged            |    21 |     8 ||    29
